 Dungeon Crawl Stone Soup version 0.30-a0-424-g7412bad402 (webtiles) character file.

Game seed: 11506023874822349229

1614 zishaf the Covert (level 8, 0/60 HPs)
             Began as a Vampire Enchanter on Dec 9, 2022.
             Engulfed by a cloud of flame (25 damage)
             ... on level 6 of the Dungeon.
             The game lasted 00:09:29 (5946 turns).

zishaf the Covert (Vampire Enchanter)               Turns: 5946, Time: 00:09:29

Health: 0/60       AC:  5    Str: 10    XL:     8   Next: 64%
Magic:  11/11      EV: 12    Int: 20    God:
Gold:   325        SH:  8    Dex: 20    Spells: 3/11 levels left

rFire   . . .      SeeInvis +    a - +3 dagger (venom)
rCold   . . .      Faith    .    y - +0 buckler
rNeg    . . .      Spirit   .    e - +1 leather armour of Kikubaaqudgha, Growing {Drain rElec Str+3}
rPois   +          Reflect  .    B - +0 helmet
rElec   +          Harm     .    (no cloak)
rCorr   +          Rampage  .    (no gloves)
Will    .....                    (no boots)
Stlth   ++++......               (no amulet)
HPRegen 0.50/turn                i - ring of resist corrosion
MPRegen 0.12/turn                w - +6 ring of dexterity

@: healing quickly
A: alive, fangs 3, see invisible, vampiric 2, hooves 1, large bone plates 1,
poison resistance
a: Exsanguinate


You were on level 6 of the Dungeon.
You visited 1 branch of the dungeon, and saw 6 of its levels.

You collected 422 gold pieces.
You spent 97 gold pieces at shops.

Inventory:

Hand Weapons
 a - a +3 dagger of venom (weapon)
 j - a +1 dagger
 t - the +5 sling "Oseklip" {freeze, Int+3}
   (You found it on level 5 of the Dungeon)

   Any ammunition fired from it freezes those it strikes, dealing additional
   cold damage.
   It can also slow down cold-blooded creatures.
   Int:       It affects your intelligence (+3).
Armour
 b - a +1 robe
 e - the +1 leather armour of Kikubaaqudgha, Growing (worn) {Drain rElec Str+3}
   (You found it on level 2 of the Dungeon)

   Str:       It affects your strength (+3).
   rElec:     It insulates you from electricity.
   Drain:     It drains your maximum health when unequipped.
 y - a +0 buckler (worn)
 B - a +0 helmet (worn)
Jewellery
 i - a ring of resist corrosion (left hand)
 w - a +6 ring of dexterity (right hand)
Wands
 h - a wand of roots (13)
 A - a wand of paralysis (4)
Scrolls
 d - 3 scrolls of enchant armour
 f - 2 scrolls of poison
 k - 4 scrolls of blinking
 l - a scroll of vulnerability
 p - a scroll of enchant weapon
 r - 3 scrolls of teleportation
 z - 2 scrolls of magic mapping
Potions
 c - a potion of invisibility
 g - a potion of brilliance
 m - a potion of haste {unknown}
 n - 3 potions of attraction
 o - 3 potions of curing
 q - a potion of cancellation {unknown}
 s - 3 potions of berserk rage
 u - 4 potions of might
 v - 3 potions of mutation
 x - 2 potions of heal wounds


   Skills:
 + Level 4.2 Fighting
 + Level 5.2 Short Blades
 - Level 2.1 Dodging
 * Level 8.9 Stealth
 + Level 0.6 Shields
 - Level 2.0 Spellcasting
 + Level 8.3 Hexes
 + Level 4.4 Ice Magic


You had 3 spell levels left.
You knew the following spells:

 Your Spells              Type           Power      Damage    Failure   Level
a - Ensorcelled Hibernat  Hex/Ice        54%        N/A       3%          2
A - Confusing Touch       Hex            35%        N/A       3%          3
B - Ozocubu's Armour      Ice            19%        N/A       14%         3

Your spell library contained the following spells:

 Spells                   Type           Power      Damage    Failure   Level
 Tukima's Dance           Hex            35%        N/A       3%          3
 Dazzling Flash           Conj/Hex       36%        N/A       16%         3
 Portal Projectile        Hex/Tloc       36%        N/A       16%         3
 Apportation              Tloc           4%         N/A       28%         1
 Passwall                 Tmut/Erth      1%         N/A       41%         2
 Call Canine Familiar     Summ           2%         N/A       65%         3
 Swiftness                Air            2%         N/A       65%         3
 Leda's Liquefaction      Hex/Erth       9%         N/A       47%         4
 Metabolic Englaciation   Hex/Ice        13%        N/A       52%         5
 Freezing Cloud           Conj/Ice/Air   3%         6-21      99%         5
 Alistair's Intoxication  Tmut/Pois      1%         N/A       100%        5
 Simulacrum               Ice/Necr       5%         N/A       100%        6
 Polar Vortex             Ice            9%         N/A       100%        9


Dungeon Overview and Level Annotations

Branches:
Dungeon (6/15)
 Temple: D:4-7

Altars:

Shops:
D:3 ?   D:6 [


Innate Abilities, Weirdness & Mutations

Your natural rate of healing is accelerated.
You have razor-sharp teeth.
You have supernaturally acute eyesight. (SInv)
You are afflicted with vampirism and can become a bat while bloodless.
You have large cloven feet.
You are partially covered in large bone plates. (SH +4)
Your system is resistant to poisons. (rPois)


Message History

You feel resistant to poisons.
Large bone plates grow over parts of your arms.
Your feet thicken and deform.
Things that are here:
a +0 whip; a +0 leather armour A white imp comes into view.
The white imp shouts!
You hit the white imp. You kick the white imp.
You bite the white imp, but do no damage.
The white imp is severely wounded.
You block the white imp's attack.
You barely miss the white imp. Your kick misses the white imp.
The white imp is severely wounded.
The white imp hits you but does no damage.
You closely miss the white imp.
The white imp is severely wounded.
The white imp gestures at you. The puff of frost hits you!
You closely miss the white imp.
The white imp is severely wounded.
You hit the white imp. You kick the white imp.
You kill the white imp!
No target in view!
There is an open door here.
There is an open door here.
You see here a +0 club.
Found a mace.
Really walk into a travel-excluded area?
Found a club.
Really walk into that cloud of flame?
You are engulfed in blazing flames.
You now have 325 gold pieces (gained 16).
v - 3 potions of mutation (gained 1)
You start resting.
HP restored.
Really walk into a travel-excluded area?
You are engulfed in blazing flames.
You are engulfed in blazing flames.
You are engulfed in blazing flames.
You die...

##########...##########
.......)..............##
...............#####...#
..............## #°§☼#
..............# #§.☼#
..###..###...## #°§§#
..###..###...#######..)######
................☼°☼.....°°☼.#
................@§§.....☼.☼.#
.............)..○§§...).§§°.#
..##...####'########...######
..##...###...### #○§§#
####...........# #§.○#
..##...........# #§°○#
...)...........# #...#
...............# #####
.........P.....#


There were no monsters in sight!

Vanquished Creatures
  Sigmund (D:5)
  A water moccasin (D:5)
  A black bear (D:5)
  2 ogres (D:5)
  Blork the orc (D:5)
  2 scorpions (D:5)
  2 bullfrogs (D:6)
  2 necrophages
  A quasit (D:6)
  3 orc priests (D:4)
  2 hounds
  5 iguanas
  2 orc wizards
  4 gnolls (D:6)
  12 adders
  3 shadow imps
  3 white imps (D:6)
  An ufetubus (D:6)
  A worm (D:3)
  4 dart slugs
  8 orcs
  4 ball pythons
  4 bats
  9 endoplasms
  3 giant cockroaches
  10 hobgoblins
  3 jackals (D:1)
  10 quokkas
  3 goblins
  8 kobolds
  7 rats
122 creatures vanquished.

Vanquished Creatures (others)
  A goblin (D:4)
1 creature vanquished.

Grand Total: 123 creatures vanquished

Notes
Turn   | Place    | Note
-------+----------+-------------------------------------------
     0 | D:1      | zishaf the Vampire Enchanter began the quest for the Orb.
     0 | D:1      | Reached XP level 1. HP: 13/13 MP: 3/3
   124 | D:1      | Reached XP level 2. HP: 18/20 MP: 5/5
   130 | D:1      | Learned a level 2 spell: Ensorcelled Hibernation
  1284 | D:1      | Reached skill level 1 in Fighting
  1284 | D:1      | Reached skill level 5 in Stealth
  1284 | D:1      | Gained mutation: You are afflicted with vampirism and can
                  | become a bat while bloodless. [Vampire growth]
  1284 | D:1      | Reached XP level 3. HP: 12/26 MP: 1/6
  1407 | D:2      | Identified the +1 leather armour of Kikubaaqudgha, Growing
                  | {Drain rElec Str+3}
  1504 | D:2      | Reached skill level 5 in Hexes
  2138 | D:3      | Reached skill level 1 in Ice Magic
  2275 | D:3      | Found Soomm's Magic Scroll Boutique.
  2282 | D:3      | Bought a scroll of blinking for 97 gold pieces
  2406 | D:3      | Reached XP level 4. HP: 32/32 MP: 4/7
  3255 | D:4      | Learned a level 3 spell: Confusing Touch
  3284 | D:4      | Reached XP level 5. HP: 34/38 MP: 5/8
  3863 | D:5      | Entered Level 5 of the Dungeon
  3891 | D:4      | Reached XP level 6. HP: 12/44 MP: 2/9
  4170 | D:5      | Noticed Sigmund
  4177 | D:5      | Killed Sigmund
  4178 | D:5      | Reached XP level 7. HP: 52/52 MP: 7/10
  4581 | D:5      | Noticed Blork the orc
  4586 | D:5      | Killed Blork the orc
  4587 | D:5      | Reached XP level 8. HP: 56/59 MP: 8/11
  4815 | D:5      | Identified the +5 sling "Oseklip" {freeze, Int+3}
  5157 | D:6      | Learned a level 3 spell: Ozocubu's Armour
  5267 | D:6      | Reached skill level 5 in Short Blades
  5454 | D:6      | Found Ynootu's Armour Emporium.
  5767 | D:6      | Gained mutation: Your system is resistant to poisons.
                  | (rPois) [potion of mutation]
  5767 | D:6      | Gained mutation: You are partially covered in large bone
                  | plates. (SH +4) [potion of mutation]
  5767 | D:6      | Gained mutation: You have large cloven feet. [potion of
                  | mutation]
  5946 | D:6      | Engulfed by a cloud of flame

Illustrated notes

Levels and vault maps discovered:
D:1:      mrwooster_arrival_arrow, layout_basic
D:2:      layout_basic
D:3:      minmay_chambers_of_threes, layout_basic, serial_shops, shop,
          serial_bayou_pond_e, minmay_fractal_squares_gapless_5
D:4:      layout_cave_pools, st_stairs_1
D:5:      layout_gridville, minmay_stone_trees_small, uniq_sigmund,
          uniq_blork_the_orc
D:6:      layout_gridville, serial_shops, nicolae_shop_hallway_plus,
          serial_demonic, serial_demonic_b, serial_demonic_g, serial_demonic_c,
          serial_demonic_f, lemuel_flame_loot_1

Skill      XL: |  1  2  3  4  5  6  7  8 |
---------------+-------------------------+-----
Fighting       | 1 2 3 4 |  4.2
Stealth        | 5 6 7 8 |  8.9
Short Blades   | 2 3 4 5 |  5.2
Hexes          | 5 6 7 8 |  8.3
Ice Magic      | 1 2 3 4 |  4.4
Dodging        | |  2.1
Shields        | |  0.6
Spellcasting   | |  2.0

Action                   |  1- 3 |  4- 6 |  7- 9 || total
-------------------------+-------+-------+-------++-------
Melee: Dagger            |   113 |   114 |   120 ||   347
       Bite              |    10 |    10 |    17 ||    37
       Punch             |       |     1 |       ||     1
       Kick              |       |       |     2 ||     2
 Cast: Ensorcelled Hiber |    19 |    19 |    18 ||    56
  Use: Potion            |     2 |     1 |     1 ||     4
       Scroll            |       |    13 |     4 ||    17
 Stab: Sleeping          |    20 |    21 |    23 ||    64
       Invisible         |     1 |     1 |       ||     2
Armor: Robe              |     5 |       |       ||     5
       Leather armour    |    14 |    23 |    17 ||    54
Dodge: Dodged            |    66 |    47 |    58 ||   171
Block: Buckler           |       |       |     3 ||     3

Table legend: (Time is in decaauts)
 A = Elapsed time spent in this place.
 B = Non-inter-level travel time spent in this place.
 C = Inter-level travel time spent in this place.
 D = Time resting spent in this place.
 E = Time spent auto-exploring this place.
 F = Levels seen in this place.
 G = Mean time per level.
                   A        B        C        D        E       F      G
               +--------+--------+--------+--------+--------+-----+--------+
         Total |   5899 |   5766 |    133 |    273 |   4459 |   6 |  983.2 |
       Dungeon |   5899 |   5766 |    133 |    273 |   4459 |   6 |  983.2 |
               +--------+--------+--------+--------+--------+-----+--------+

Top non-repeatable levels by time:
     D:1: 1293 daAuts
     D:3: 1192 daAuts
     D:5: 1191 daAuts
     D:6: 781 daAuts
     D:2: 733 daAuts
     D:4: 708 daAuts
